 Dungeon Crawl Stone Soup version 0.22.1-1-ga44c0e56f4 (webtiles) character file.

842 Kaderl the Covered (level 8, 0/68 HPs)
             Began as a Hill Orc Fighter on Sept 30, 2018.
             Slain by a jackal (1 damage)
             ... on level 4 of the Dungeon.
             The game lasted 00:13:35 (4039 turns).

Kaderl the Covered (Hill Orc Fighter)               Turns: 4039, Time: 00:13:35

Health: 0/68       AC: 12    Str: 21    XL:     8   Next: 0%
Magic:  8/8        EV:  4    Int:  8    God:
Gold:   138        SH: 10    Dex: 10    Spells: 7/7 levels left

rFire    . . .     SeeInvis .   a - +0 flail
rCold    . . .     Gourm    .   c - +0 shield
rNeg     . . .     Faith    .   s - +0 plate armour
rPois    .         Spirit   .   (no helmet)
rElec    .         Reflect  .   (no cloak)
rCorr    .         Harm     .   (no gloves)
MR       .....                  (no boots)
Stlth    ..........             (no amulet)
HPRegen  0.21/turn              (no ring)
MPRegen  0.11/turn              (no ring)

@: no status effects
A: no striking features
a: no special abilities


You were on level 4 of the Dungeon.
You were not hungry.

You visited 1 branch of the dungeon, and saw 5 of its levels.

You collected 138 gold pieces.

Inventory:

Hand Weapons
 a - a +0 flail (weapon)
Armour
 c - a +0 shield (worn)
 s - a +0 plate armour (worn)
Jewellery
 j - an uncursed amulet of the gourmand
Wands
 b - a wand of paralysis (8)
 d - a wand of disintegration (13)
 p - a wand of flame (22)
 v - a wand of enslavement (11)
Scrolls
 e - 3 scrolls of identify
 h - 5 scrolls of remove curse
 i - a scroll of noise
 k - a scroll of magic mapping {unknown}
 m - 5 scrolls of teleportation {unknown}
 n - a scroll of enchant weapon {unknown}
 q - 2 scrolls of random uselessness {unknown}
 r - a scroll of amnesia {unknown}
Potions
 g - a potion of berserk rage {unknown}
 l - 4 potions of magic {unknown}
 o - 2 potions of agility {unknown}
 t - a potion of resistance {unknown}
 u - a potion of degeneration {unknown}
 w - a potion of haste {unknown}
Comestibles
 f - 5 rations


   Skills:
 + Level 5.2 Fighting
 + Level 5.7 Maces & Flails
 + Level 5.9 Armour
 + Level 0.7 Dodging
 + Level 0.3 Stealth
 + Level 5.7 Shields


You had 7 spell levels left.
You didn't know any spells.
Your spell library contained the following spells:

 Spells                   Type           Power        Failure   Level  Hunger
 Flame Tongue             Conj/Fire      #....        100%        1    ##.....
 Ensorcelled Hibernation  Hex/Ice        #.....       100%        2    ###....
 Searing Ray              Conj           #.....       100%        2    ###....


Dungeon Overview and Level Annotations

Branches:
Dungeon (5/15)
 Temple: D:4-7

Altars:
The Shining One

Annotations:
D:3 Robin, Sigmund


Message History

You block the jackal's attack.
The iguana bites you but does no damage.
You block the jackal's attack.
You closely miss the iguana.
The iguana is almost dead.
You block the iguana's attack.
The jackal bites you but does no damage.
The iguana bites you.
* * * LOW HITPOINT WARNING * * *
You block the jackal's attack.
You hit the iguana.
You kill the iguana!
You have reached level 8!
You block the jackal's attack. x2
You sock the phantom!
The phantom is almost destroyed.
The phantom hits you.
* * * LOW HITPOINT WARNING * * *
The jackal bites you.
You die...

.....###.#.# ...........
..÷...#..... ..#......
............ #.#.....
..†.>....#.. #.#....
.........#.####..... ....
...................# ..#
...†.............#.## ..######
...........####.W†..###......
................@h#.......%#
.............##........#...####
.............##.#.>.........?.#
.............##........(.###..#..
.........>...##..#.....#........#
†............#..........h......g.
.................#.....##......#.
......................(........#
##.#............##...)<..###.!.#


You could see a phantom and a jackal.

Vanquished Creatures
  A phantom (D:4)
  A sky beast (D:5)
  An ogre (D:5)
  A centaur (D:5)
  2 scorpions (D:4)
  A howler monkey (D:4)
  A crimson imp (D:5)
  Ijyb (D:4)
  2 iguanas
  An orc wizard (D:5)
  9 adders
  An adder skeleton (D:2)
  4 worms
  6 dart slugs
  4 leopard geckos
  9 orcs
  3 ball pythons
  8 bats
  A giant cockroach (D:2)
  12 goblins
  6 hobgoblins
  11 jackals
  8 kobolds
  2 quokkas
  A ball python skeleton (D:4)
  5 frilled lizards
  A jackal skeleton (D:5)
  A jackal zombie (D:5)
  A leopard gecko skeleton (D:4)
  7 rats
112 creatures vanquished.

Notes
Turn   | Place    | Note
-------+----------+-------------------------------------------
     0 | D:1      | Kaderl the Hill Orc Fighter began the quest for the Orb.
     0 | D:1      | Reached XP level 1. HP: 19/19 MP: 1/1
   144 | D:1      | Reached XP level 2. HP: 22/27 MP: 2/2
   437 | D:1      | Reached XP level 3. HP: 21/33 MP: 3/3
   942 | D:2      | Reached XP level 4. HP: 34/40 MP: 4/4
  1916 | D:3      | Reached XP level 5. HP: 45/47 MP: 5/5
  2304 | D:3      | Noticed Sigmund
  2307 | D:3      | Noticed Robin
  2374 | D:4      | Noticed a phantom
  2387 | D:4      | Noticed Ijyb
  2398 | D:4      | Paralysed by Ijyb for 4 turns
  2402 | D:5      | Entered Level 5 of the Dungeon
  2823 | D:5      | Noticed a centaur
  2834 | D:5      | Killed a centaur
  2834 | D:5      | Reached XP level 6. HP: 50/53 MP: 6/6
  2863 | D:5      | Noticed a sky beast
  2868 | D:5      | Killed a sky beast
  2868 | D:5      | Reached skill level 5 in Shields
  2877 | D:5      | Found a glowing golden altar of the Shining One.
  2959 | D:5      | Reached XP level 7. HP: 44/60 MP: 7/7
  3035 | D:5      | Reached skill level 5 in Fighting
  3035 | D:5      | Reached skill level 5 in Maces & Flails
  3035 | D:5      | Reached skill level 5 in Armour
  3622 | D:5      | Identified the Grimoire of Combat Magic and the Glacier
  3684 | D:4      | Paralysed by Ijyb for 2 turns
  3695 | D:4      | Paralysed by Ijyb for 7 turns
  3708 | D:4      | Killed Ijyb
  4036 | D:4      | HP: 1/61 [iguana (3)]
  4038 | D:4      | Reached XP level 8. HP: 2/68 MP: 8/8
  4039 | D:4      | Slain by a jackal

Skill      XL: |  1  2  3  4  5  6  7 |
---------------+----------------------+-----
Fighting       | 4 5 |  5.2
Shields        | 4 5 |  5.7
Maces & Flails | 3 4 5 |  5.7
Armour         | 4 5 |  5.9
Dodging        | |  0.7
Stealth        | |  0.3

Action                   |  1- 3 |  4- 6 |  7- 9 || total
-------------------------+-------+-------+-------++-------
Melee: Flail             |   134 |   297 |   151 ||   582
  Use: Scroll            |       |     4 |     3 ||     7
       Potion            |       |     1 |       ||     1
  Eat: Ration            |       |     3 |     1 ||     4
Armor: Scale mail        |    79 |       |       ||    79
       Plate armour      |       |   230 |   135 ||   365
Dodge: Dodged            |    51 |    53 |    23 ||   127
Block: Shield            |    78 |   160 |    99 ||   337
